 Dungeon Crawl Stone Soup version 0.30-a0-924-g0ad0bf95bc (webtiles) character file.

Game seed: 11888659928298368716

8092 FexLirch the Severer (level 11, -1/91 HPs)
             Began as a Hill Orc Reaver on Mar 22, 2023.
             Was an Elder of Makhleb.
             Killed from afar by a deep elf pyromancer (30 damage)
             ... with a bolt of fire
             ... on level 12 of the Dungeon.
             The game lasted 00:26:37 (8316 turns).

FexLirch the Severer (Hill Orc Reaver)              Turns: 8316, Time: 00:26:38

Health: -1/91      AC: 15    Str: 26    XL:     11   Next: 25%
Magic:  19/19      EV: 13    Int: 13    God:    Makhleb [****..]
Gold:   922        SH:  7    Dex:  9    Spells: 10/13 levels left

rFire   . . .      SeeInvis +    T - +1 broad axe (flame)
rCold   . . .      Faith    .    K - +0 kite shield
rNeg    . . .      Spirit   .    n - +1 scale mail {rPois}
rPois   +          Reflect  .    t - +1 helmet of Qazlal's Indignation {Contam *Corrode rElec SInv}
rElec   +          Rampage  .    y - +0 cloak
rCorr   .                        i - +1 pair of gloves
Will    .....                    I - +0 pair of boots Stlth
                                 O - amulet of magic regeneration
HPRegen 0.35/turn                k - +6 ring of strength
MPRegen 0.56/turn                H - +5 ring of evasion

@: mighty, on berserk cooldown, slowed, very slow
A: no striking features
a: Renounce Religion, Minor Destruction, Lesser Servant of Makhleb, Major
Destruction


You were on level 12 of the Dungeon.
You worshipped Makhleb.
Makhleb was greatly pleased with you.
You visited 1 branch of the dungeon, and saw 10 of its levels.

You collected 1273 gold pieces.
You spent 351 gold pieces at shops.

Inventory:

Hand Weapons
 a - a +0 hand axe
 b - a +3 flail
 g - the +1 executioner's axe of Incongruity {heavy, Drain rPois Str+3 Dex+5}
   (You acquired it on level 12 of the Dungeon)

   Str:       It affects your strength (+3).
   Dex:       It affects your dexterity (+5).
   rPois:     It protects you from poison.
   Drain:     It drains your maximum health when unequipped.
 m - a +0 sling
 s - a +2 whip of electrocution
 F - a +0 battleaxe
 P - a +2 dire flail
 T - a +1 broad axe of flaming (weapon)
Missiles
 f - 73 stones
 l - 3 atropa-tipped darts
 z - 30 poisoned darts
 M - a throwing net
 Q - 11 boomerangs
 U - a curare-tipped dart
 W - 6 javelins
Armour
 i - a +1 pair of gloves (worn)
 n - a +1 scale mail of poison resistance (worn)
 t - the +1 helmet of Qazlal's Indignation (worn) {Contam *Corrode rElec SInv}
   (You acquired it on level 3 of the Dungeon)

   rElec:     It insulates you from electricity.
   SInv:      It lets you see invisible.
   Contam:    It causes magical contamination when unequipped.
   *Corrode:  It may corrode you when you take damage.
 y - a +0 cloak (worn)
 I - a +0 pair of boots (worn)
 K - a +0 kite shield (worn)
 L - a +2 chain mail of fire resistance
Jewellery
 k - a +6 ring of strength (left hand)
 A - a ring of see invisible
 H - a +5 ring of evasion (right hand)
 O - an amulet of magic regeneration (around neck)
 R - a ring of magical power
Wands
 B - a wand of roots (1)
 D - a wand of flame (20)
Scrolls
 c - 2 scrolls of fog
 d - 3 scrolls of fear
 p - a scroll of teleportation {unknown}
 q - a scroll of amnesia {unknown}
 C - a scroll of silence {unknown}
 E - a scroll of poison {unknown}
 G - a scroll of immolation {unknown}
 J - 2 scrolls of brand weapon
 N - a scroll of magic mapping {unknown}
 S - a scroll of vulnerability {unknown}
 V - a scroll of enchant armour
Potions
 e - 4 potions of curing {unknown}
 h - 2 potions of heal wounds
 o - 6 potions of mutation
 r - 3 potions of flight {unknown}
 v - 2 potions of might
 w - 2 potions of cancellation
 x - 2 potions of ambrosia {unknown}


   Skills:
 + Level 6.9 Fighting
 * Level 16.2 Axes
 + Level 5.6 Armour
 - Level 1.5 Dodging
 - Level 2.6 Shields
 - Level 1.5 Spellcasting
 - Level 3.2 Conjurations
 + Level 11.1 Invocations


You had 10 spell levels left.
You knew the following spells:

 Your Spells              Type           Power      Damage    Failure   Level
a - Kiss of Death         Conj/Necr      20%        2d7       67%         1
b - Momentum Strike       Conj/Tloc      10%        3d8       82%         2

Your spell library contained the following spells:

 Spells                   Type           Power      Damage    Failure   Level
 Dazzling Flash           Conj/Hex       10%        N/A       96%         3
 Hailstorm                Conj/Ice       5%         3d4       96%         3
 Summon Ice Beast         Ice/Summ       1%         N/A       100%        4
 Agony                    Necr           1%         N/A       100%        5
 Silence                  Hex/Air        0%         N/A       100%        5
 Summon Mana Viper        Hex/Summ       1%         N/A       100%        5
 Monstrous Menagerie      Summ           0%         N/A       100%        7


Dungeon Overview and Level Annotations

Branches:
Dungeon (9/15)             Temple (0/1) D:4
   Lair: D:8-11         Orc: D:9-12

Altars:
Cheibriados
Elyvilon
Gozag
Hepliaklqana
Kikubaaqudgha
Makhleb
Okawaru
Qazlal
Uskayaw
Wu Jian
Xom
Zin
The Shining One

Shops:
D:3 !


Message History

Unknown command.
You slash the yak! You burn the yak.
The yak is moderately wounded.
You block the yak's attack.
You slash the yak! You burn the yak.
The yak is heavily wounded.
You block the yak's attack.
You hit the yak. You burn the yak.
The yak is moderately wounded.
You slash the yak! You burn the yak. The yak gores you!
You block the yak's attack. x2; The yak misses you.
You slash the yak! You burn the yak!
The yak is almost dead.
You barely miss the yak. You block the yak's attack.
The yak gores you but does no damage.
You slice the yak!! You burn the yak.
You kill the yak!
Makhleb accepts your kill.
You slash the yak! You burn the yak.
You kill the yak!
Makhleb accepts your kill.
You feel better.
The deep elf pyromancer gestures at you while chanting.
The bolt of fire hits you!!
The deep elf pyromancer casts a spell.
Unknown command.
Okay, then.
Unknown command.
Okay, then.
Unknown command.
You slash the fire elemental!
The fire elemental is heavily damaged.
You block the fire elemental's attack.
The deep elf pyromancer gestures wildly while chanting.
You slash the fire elemental!
You destroy the fire elemental!
The fire elemental disappears in a puff of smoke!
The deep elf pyromancer gestures at you while chanting.
The bolt of fire hits you!!
You die... . ~♣. .Y.# . ≈~~.
YYY##

♣~~~≈..#### .Y..##.
#~~~......## ..#....
≈~♣~≈~#.... .......
.~~.~. #..## ..#....
~~~~.~###†E##.......
#≈~.....@§e○○.......
#.####.####)5##.....
#..####..#.....
##..##.........
#####..#.........
..................
##............e...
###..##..........
#.. ...........


You could see a deep elf pyromancer, a fire elemental (summoned) and a white
imp.

Vanquished Creatures
  Jorgrun (D:12)
  Erica (D:8)
  Joseph (D:7)
  Maggie (D:7)
  A kobold demonologist (D:7)
  A wyvern (D:9)
  6 yaks (D:12)
  4 vampire mosquitoes (D:12)
  4 water moccasins
  An orc warrior (D:7)
  3 ice beasts (D:6)
  A centaur (D:7)
  2 phantoms
  4 lemures
  A bullfrog (D:7)
  3 kobold brigands
  3 scorpions
  A gnoll sergeant (D:6)
  9 wights
  8 howler monkeys
  2 jellies
  7 crimson imps (D:8)
  4 orc priests
  2 gnoll boudas
  Crazy Yiuf (D:3)
  Jessica (D:3)
  An orc wizard (D:8)
  2 iguanas
  9 gnolls
  5 adders
  2 shadow imps
  7 white imps
  2 worms (D:2)
  5 dart slugs
  13 orcs
  5 bats
  9 endoplasms
  4 giant cockroaches
  7 goblins
  4 hobgoblins
  7 jackals
  3 quokkas
  9 ball pythons
  2 frilled lizards (D:1)
  19 kobolds
  4 rats
192 creatures vanquished.

Vanquished Creatures (collateral kills)
  Pikel (D:6)
  A wight (D:7)
  2 hounds (D:7)
  2 gnolls (D:6)
6 creatures vanquished.

Grand Total: 198 creatures vanquished

Notes
Turn   | Place    | Note
-------+----------+-------------------------------------------
     0 | D:1      | FexLirch the Hill Orc Reaver began the quest for the Orb.
     0 | D:1      | Reached XP level 1. HP: 18/18 MP: 3/3
   106 | D:1      | Found a faded altar of an unknown god.
   118 | D:1      | Reached XP level 2. HP: 24/25 MP: 4/4
   134 | D:1      | Prayed at the altar of an unknown god.
   134 | D:1      | Became a worshipper of Makhleb the Destroyer
   134 | D:1      | Reached * piety under Makhleb
   313 | D:1      | Reached skill level 5 in Axes
   354 | D:1      | Reached XP level 3. HP: 24/27 MP: 5/5
   704 | D:2      | Reached skill level 1 in Invocations
   841 | D:2      | Learned a level 2 spell: Momentum Strike
   905 | D:2      | Reached ** piety under Makhleb
   906 | D:2      | Reached XP level 4. HP: 32/33 MP: 3/6
  1233 | D:2      | Reached skill level 6 in Axes
  1402 | D:3      | Noticed Jessica
  1406 | D:3      | Killed Jessica
  1407 | D:3      | Reached XP level 5. HP: 24/42 MP: 7/7
  1525 | D:3      | Found Sawn's Distillery.
  1538 | D:3      | Bought a potion of heal wounds for 65 gold pieces
  1938 | D:3      | Found an opulent altar of Gozag.
  1941 | D:3      | Found a stormy altar of Qazlal.
  2085 | D:3      | Identified 3 scrolls of acquirement
  2085 | D:3      | Acquired the +1 helmet of Qazlal's Indignation {Contam
                  | *Corrode rElec SInv}
  2096 | D:3      | Acquired 801 gold pieces
  2134 | D:3      | Bought 2 potions of berserk rage for 130 gold pieces
  2134 | D:3      | Bought a potion of might for 52 gold pieces
  2134 | D:3      | Bought a potion of cancellation for 104 gold pieces
  2198 | D:3      | Found a runed translucent door.
  2199 | D:3      | Noticed Crazy Yiuf
  2511 | D:3      | Killed Crazy Yiuf
  2512 | D:3      | Reached skill level 7 in Axes
  2700 | D:4      | Reached XP level 6. HP: 25/47 MP: 8/8
  3232 | D:4      | Found a staircase to the Ecumenical Temple.
  3341 | D:4      | Reached skill level 8 in Axes
  3406 | D:4      | Reached XP level 7. HP: 44/56 MP: 10/10
  3492 | D:4      | Reached *** piety under Makhleb
  3714 | D:5      | Entered Level 5 of the Dungeon
  3975 | D:5      | Reached skill level 5 in Invocations
  4537 | D:6      | Noticed Pikel
  4958 | D:6      | Reached skill level 9 in Axes
  5091 | D:6      | Killed Pikel
  5092 | D:6      | Reached skill level 11 in Axes
  5092 | D:6      | Reached XP level 8. HP: 48/62 MP: 11/13
  5183 | D:6      | Found a hazy altar of Hepliaklqana.
  5184 | D:6      | Found a shimmering altar of Xom.
  5185 | D:6      | Noticed a spectral ugly thing
  5278 | D:6      | Reached skill level 12 in Axes
  5689 | D:6      | Reached XP level 9. HP: 66/68 MP: 13/15
  5853 | D:6      | Found a snail-covered altar of Cheibriados.
  6151 | D:7      | Reached skill level 13 in Axes
  6335 | D:7      | Found an ornate altar of the Wu Jian Council.
  6459 | D:7      | Reached skill level 1 in Armour
  6508 | D:7      | Noticed Joseph
  6605 | D:7      | Killed Joseph
  6606 | D:7      | Reached skill level 14 in Axes
  6810 | D:7      | Found a glowing silver altar of Zin.
  6811 | D:7      | Found a glowing golden altar of the Shining One.
  6814 | D:7      | Found a white marble altar of Elyvilon.
  6855 | D:7      | Noticed a kobold demonologist
  6864 | D:7      | Killed a kobold demonologist
  6865 | D:7      | Reached XP level 10. HP: 78/80 MP: 17/17
  7010 | D:7      | Noticed Maggie
  7019 | D:7      | Killed Maggie
  7138 | D:7      | Found a hide-covered altar of Uskayaw.
  7138 | D:7      | Found an ancient bone altar of Kikubaaqudgha.
  7139 | D:7      | Found an iron altar of Okawaru.
  7313 | D:8      | Reached **** piety under Makhleb
  7344 | D:8      | Noticed Erica
  7371 | D:8      | Killed Erica
  7372 | D:8      | Reached skill level 5 in Fighting
  7372 | D:8      | Reached skill level 1 in Shields
  7372 | D:8      | Reached skill level 10 in Invocations
  7707 | D:8      | Reached skill level 15 in Axes
  8245 | D:9      | You fall into a shaft and drop 3 floors!
  8249 | D:12     | Acquired the +1 executioner's axe of Incongruity {heavy,
                  | Drain rPois Str+3 Dex+5}
  8256 | D:12     | Noticed Jorgrun
  8279 | D:12     | Noticed a deep elf pyromancer
  8282 | D:12     | Killed Jorgrun
  8283 | D:12     | Reached skill level 5 in Armour
  8283 | D:12     | Reached XP level 11. HP: 28/91 MP: 17/19
  8289 | D:12     | HP: 4/136 [white imp/puff of frost (9)]
  8290 | D:12     | Reached skill level 16 in Axes
  8316 | D:12     | Killed from afar by a deep elf pyromancer

Illustrated notes

Levels and vault maps discovered:
D:1:      elethiomel_arrival_infinity_welcomes_careful_drivers, layout_rooms,
          chequers_ecumenical_altar_simple_redux
D:2:      layout_basic
D:3:      layout_basic, mainiacjoe_overflow_divided_tiny, serial_shops,
          nicolae_diamond_shop, uniq_crazy_yiuf_cottage, uniq_jessica
D:4:      nicolae_cairo_tiling_very_big, layout_basic
D:5:      layout_basic
D:6:      layout_gridville, regret_index_temple_of_mockery, lemuel_round_altar,
          uniq_pikel
D:7:      minmay_recursive_quarters, layout_loops_ring, good_gods_mini_temple,
          nzn_wu_jian_council_hall, gammafunk_temple_overflow_claw,
          serial_bayou_pond_a, uniq_joseph, uniq_maggie
D:8:      layout_loops_ring, minmay_nine_imps, uniq_erica
D:9:      layout_basic, mainiacjoe_overflow_brackets
D:12:     layout_rooms, orc_0_dummy, serial_ice, serial_ice_a, serial_ice_l,
          serial_ice_n, serial_ice_d, portal_ice_cave_entry_pillars_2,
          serial_shops, nicolae_shop_statue_plus, chequers_serial_rivers_marsh,
          uniq_jorgrun

Skill      XL: |  1  2  3  4  5  6  7  8  9 10 11 |
---------------+----------------------------------+-----
Axes           | 5 6 7 8 11 12 14 15 16 | 16.2
Invocations    | 1 2 3 4 6 8 9 10 11 | 11.1
Armour         | 3 5 |  5.6
Fighting       | 4 6 |  6.9
Shields        | 2 |  2.6
Dodging        | |  1.5
Spellcasting   | |  1.5
Conjurations   | |  3.2

Action                     |  1- 3 |  4- 6 |  7- 9 | 10-12 || total
---------------------------+-------+-------+-------+-------++-------
  Melee: Hand axe          |   125 |    78 |   105 |       ||   308
         Punch             |     1 |       |     2 |       ||     3
         Whip              |       |       |    64 |       ||    64
         Battleaxe         |       |       |    31 |       ||    31
         Broad axe         |       |       |       |    83 ||    83
   Fire: Sling             |       |    12 |       |       ||    12
   Cast: Kiss of Death     |     2 |     1 |       |       ||     3
 Invoke: Minor Destruction |       |    51 |    99 |    67 ||   217
         Lesser Servant of |       |       |     2 |     1 ||     3
         Major Destruction |       |       |       |     2 ||     2
  Evoke: Wand              |       |       |       |     2 ||     2
    Use: Scroll            |       |     3 |       |     6 ||     9
         Potion            |       |     1 |       |     6 ||     7
   Stab: Distracted        |       |       |     1 |       ||     1
 Armour: Leather armour    |    42 |     6 |       |       ||    48
         Scale mail        |       |    29 |    84 |    20 ||   133
  Dodge: Dodged            |   100 |    55 |   111 |    55 ||   321
  Block: Kite shield       |       |       |       |    25 ||    25

Table legend: (Time is in decaauts)
 A = Elapsed time spent in this place.
 B = Non-inter-level travel time spent in this place.
 C = Inter-level travel time spent in this place.
 D = Time resting spent in this place.
 E = Time spent auto-exploring this place.
 F = Levels seen in this place.
 G = Mean time per level.
                   A        B        C        D        E       F      G
               +--------+--------+--------+--------+--------+-----+--------+
         Total |   8322 |   7786 |    536 |    694 |   5250 |  10 |  832.2 |
       Dungeon |   8322 |   7786 |    536 |    694 |   5250 |  10 |  832.2 |
               +--------+--------+--------+--------+--------+-----+--------+

Top non-repeatable levels by time:
     D:7: 1290 daAuts
     D:3: 1266 daAuts
     D:5: 1183 daAuts
     D:6: 1077 daAuts
     D:4: 1065 daAuts
     D:8: 902 daAuts
     D:1: 704 daAuts
     D:2: 680 daAuts
    D:12: 76 daAuts
     D:9: 76 daAuts
